 Dungeon Crawl Stone Soup version 0.29-a0-847-g24c0ca63c9 (webtiles) character file.

Game seed: 17815048216480924219

3152 Ge0ff the Covert (level 9, -4/44 HPs)
             Began as a Spriggan Delver on July 15, 2022.
             Was an Initiate of Dithmenos.
             Killed from afar by a steam dragon (18 damage)
             ... with a ball of steam
             ... on level 8 of the Dungeon.
             The game lasted 00:29:45 (11410 turns).

Ge0ff the Covert (Spriggan Delver)                 Turns: 11410, Time: 00:29:46

Health: -4/44      AC:  7    Str:  8    XL:     9   Next: 62%
Magic:  15/17      EV: 20    Int: 14    God:    Dithmenos [......]
Gold:   583        SH:  5    Dex: 18    Spells: 14/18 levels left

rFire   . . .      SeeInvis +   a - +4 dagger (venom)
rCold   . . .      Faith    .   (no shield)
rNeg    . . .      Spirit   .   I - +1 animal skin
rPois   .          Reflect  +   (helmet restricted)
rElec   .          Harm     .   (no cloak)
rCorr   +          Rampage  .   (gloves unavailable)
Will    ++...                   (boots unavailable)
Stlth   ++++......              Y - amulet of the Lotus Blossom {Reflect rCorr SH+5}
HPRegen 0.14/turn               R - ring of willpower {=R}
MPRegen 0.15/turn               T - +4 ring of protection

@: very quick
A: very small, no large weapons, unfitting armour, see invisible, speed 3
a: Renounce Religion


You were on level 8 of the Dungeon.
You worshipped Dithmenos.
Dithmenos was noncommittal.
You visited 2 branches of the dungeon, and saw 9 of its levels.
You also visited: Sewer and Ossuary.

You collected 583 gold pieces.

Inventory:

Hand Weapons
 a - a +4 dagger of venom (weapon)
 b - a +0 spectral short sword
 h - the +9 falchion of the Mushroom {vorpal, *Rage MP+9 Int+4}
   (You found it on level 7 of the Dungeon)

   It inflicts extra damage upon your enemies.
   Int:       It affects your intelligence (+4).
   MP:        It affects your magic capacity (+9).
   *Rage:     It berserks you when you make melee attacks (+20% chance).
 w - a +1 dagger of holy wrath
 G - a +0 rapier
 Q - a +4 dagger
Missiles
 g - 2 throwing nets {=F}
 z - 2 boomerangs of dispersal
 K - 8 poisoned darts
 O - 54 stones (quivered)
Armour
 I - a +1 animal skin (worn)
 S - a +0 buckler
Jewellery
 y - a ring of ice
 D - a ring of positive energy
 N - a ring of fire
 R - a ring of willpower (left hand) {=R}
 T - a +4 ring of protection (right hand)
 Y - the amulet of the Lotus Blossom (around neck) {Reflect rCorr SH+5}
   (You acquired it on level 2 of the Dungeon)

   [amulet of reflection]

   It reflects blocked missile attacks.
   rCorr:     It protects you from acid and corrosion.
   SH:        It affects your SH (+5).
Wands
 d - a wand of digging (3)
 r - a wand of roots (2)
 P - a wand of polymorph (4)
Scrolls
 i - a scroll of identify
 m - a scroll of magic mapping
 C - a scroll of poison
 E - 3 scrolls of fear
 F - 2 scrolls of fog
 J - a scroll of silence {!r}
Potions
 q - 3 potions of curing
 A - 2 potions of attraction
 B - a potion of mutation {unknown}
 H - a potion of haste {!q}
 L - a potion of lignification
 M - 2 potions of might
 U - a potion of degeneration {unknown}
 V - 2 potions of berserk rage {unknown}
 W - 3 potions of heal wounds {!q}
 X - 2 potions of flight
 Z - 4 potions of brilliance {unknown}


   Skills:
 - Level 3.0 Fighting
 + Level 8.4 Short Blades
 + Level 5.4 Dodging
 + Level 9.6 Stealth
 - Level 5.0 Spellcasting
 * Level 6.7 Hexes
 + Level 3.1 Transmutations
 + Level 3.7 Ice Magic
 + Level 2.1 Earth Magic
 - Level 3.0 Evocations


You had 14 spell levels left.
You knew the following spells:

 Your Spells              Type           Power      Damage    Failure   Level
k - Ensorcelled Hibernat  Hex/Ice        36%        N/A       3%          2
w - Passwall              Tmut/Erth      8%         N/A       9%          2

Your spell library contained the following spells:

 Spells                   Type           Power      Damage    Failure   Level
 Sandblast                Erth           18%        2d7       8%          1
 Spider Form              Tmut/Pois      7%         N/A       26%         3
 Ignite Poison            Fire/Tmut/Pois 6%         N/A       34%         3
 Stone Arrow              Conj/Erth      12%        3d7       34%         3
 Anguish                  Hex/Necr       6%         N/A       41%         4
 Conjure Flame            Conj/Fire      3%         6-21      45%         3
 Gell's Gravitas          Tloc           3%         N/A       45%         3
 Lesser Beckoning         Tloc           3%         N/A       45%         3
 Teleport Other           Tloc           3%         N/A       45%         3
 Sticky Flame             Conj/Fire      3%         2d3       86%         4
 Malign Gateway           Summ/Tloc      1%         N/A       100%        7
 Summon Horrible Things   Summ           1%         N/A       100%        8


Dungeon Overview and Level Annotations

Branches:
Dungeon (8/15) Zot: 26936  Temple (1/1) D:7 Zot: 5862    Lair (0/6) D:8
  Sewer (visited)         Ossuary (visited)

Altars:
Ashenzari
Cheibriados
Dithmenos
Fedhas
Gozag
Kikubaaqudgha
Okawaru
Qazlal
Sif Muna
Trog
Uskayaw
Vehumet
Wu Jian
Xom
Zin

Shops:
D:5 [   D:8 *


Innate Abilities, Weirdness & Mutations

You are very small and have problems with some larger weapons.
You are too small for most types of armour.
You have supernaturally acute eyesight. (SInv)
You cover ground extremely quickly. (Speed+++)


Message History

Aiming: Ensorcelled Hibernation (safe; 3% risk of failure)
Press: ? - help, Shift-Dir - straight line, f - steam dragon
Aim: a steam dragon (chance to affect: 50%)
The steam dragon looks drowsy...
The orc priest shouts!
The orc shouts!
You hit the steam dragon but do no damage.
The orc priest looks satisfied for a moment.
The steam dragon closely misses you. You block the steam dragon's attack.
You closely miss the steam dragon.
The orc priest calls down the wrath of Beogh upon you.
Beogh smites you! The steam dragon breathes steam at you.
The ball of steam misses you.
An orc wizard comes into view. It is wielding a +0 dagger.
The orc wizard shouts!
Found 4 large rocks.
You block the orc's attack. The steam dragon misses you.
The steam dragon closely misses you. The orc completely misses you.
Casting: Ensorcelled Hibernation (safe; 3% risk of failure)
Confirm with . or Enter, or press ? or * to list all spells.
Aiming: Ensorcelled Hibernation (safe; 3% risk of failure)
Press: ? - help, Shift-Dir - straight line, f - orc, p - steam dragon
Aim: an orc, wielding a +0 trident and wearing a +0 leather armour (chance to affect: 68%)
The orc looks drowsy...
The orc priest looks satisfied for a moment.
The steam dragon breathes steam at you. The ball of steam hits you!
The helpless orc fails to defend itself.
You perforate the orc like a sieve!!!!
You kill the orc!
Dithmenos accepts your kill.
You are engulfed in a cloud of scalding steam.
You are engulfed in a cloud of scalding steam.
You see here a potion of heal wounds {!q}.
W - 3 potions of heal wounds {!q} (gained 1)
The steam dragon closely misses you. x2
The orc priest is engulfed in a cloud of scalding steam.
The orc priest calls down the wrath of Beogh upon you.
Beogh smites you!
* * * LOW HITPOINT WARNING * * *
The orc wizard is engulfed in a cloud of scalding steam.
Really walk into that teleport trap?
You enter a teleport trap!
The teleport trap disappears.
Your surroundings seem slightly different.
Found a club.
The steam dragon breathes steam at you. The ball of steam hits you!!
You die...

#...# #...# . ..≈..
#. #..## #. #..)# .#
##.### #.##.P.##.#
#...# #..P.PP...#
##..# #≈.PP>PP.≈#
#..# #..PPPPP..#
##.## #.##P..##.#...
#..###..#...#@.#.(.
##.#..#...≈§§.#......
#......D###.....#+##
##.................
#...........#.....
#...........#......
##..........#......
#..........#.....
##.##.....)......


There were no monsters in sight!

Vanquished Creatures
  Eustachio (D:4)
  A steam dragon (D:7)
  Menkaure (D:4)
  Edmund (D:6)
  Pargi (Sewer)
  An orc warrior (D:7)
  A sky beast (D:7)
  3 ice beasts
  4 ogres
  A kobold brigand (Sewer)
  2 necrophages
  A bullfrog (D:7)
  7 scorpions
  2 howler monkeys
  4 hounds
  4 orc priests
  6 jellies
  Ijyb (D:4)
  9 orc wizards
  9 mummies
  Robin (D:4)
  3 gnolls (D:7)
  5 adders
  A shadow imp (D:7)
  2 worms
  2 dart slugs
  27 orcs
  7 ball pythons
  13 bats
  5 endoplasms
  7 giant cockroaches
  12 goblins
  13 hobgoblins
  A quokka (D:5)
  2 frilled lizards
  2 gnoll zombies (Ossuary)
  A goblin zombie (D:4)
  10 kobolds
  2 kobold zombies (Ossuary)
  5 orc zombies
  7 rats
188 creatures vanquished.

Vanquished Creatures (others)
  17 plants (D:7)
17 creatures vanquished.

Grand Total: 205 creatures vanquished

Notes
Turn   | Place    | Note
-------+----------+-------------------------------------------
     0 | D:5      | Ge0ff the Spriggan Delver began the quest for the Orb.
     0 | D:5      | Reached XP level 1. HP: 11/11 MP: 2/2
     1 | D:6      | Noticed a jelly
     6 | D:6      | Reached XP level 2. HP: 16/16 MP: 3/3
   143 | D:5      | Noticed an ogre
   147 | D:5      | Killed an ogre
   148 | D:5      | Reached skill level 5 in Short Blades
   148 | D:5      | Reached XP level 3. HP: 19/19 MP: 4/4
   148 | D:5      | Reached XP level 4. HP: 23/23 MP: 5/5
   154 | D:5      | Noticed an ogre
   199 | D:5      | Killed an ogre
   200 | D:5      | Reached XP level 5. HP: 25/27 MP: 6/6
   238 | D:5      | Noticed an ice beast
   412 | D:5      | Killed an ice beast
   413 | D:5      | Reached skill level 1 in Evocations
   526 | D:4      | Reached XP level 6. HP: 22/32 MP: 7/7
   531 | D:4      | Found a glowing drain.
   535 | Sewer    | Entered a sewer
   538 | Sewer    | Noticed Pargi
   539 | Sewer    | Killed Pargi
   660 | Sewer    | Learned a level 2 spell: Ensorcelled Hibernation
   771 | D:4      | Found a sand-covered staircase.
   787 | Ossuary  | Entered an ossuary
  1913 | Ossuary  | Reached skill level 1 in Hexes
  1913 | Ossuary  | Reached XP level 7. HP: 31/36 MP: 9/9
  2141 | Ossuary  | Reached skill level 1 in Spellcasting
  2867 | D:4      | Noticed Ijyb
  2884 | D:4      | Killed Ijyb
  3053 | D:3      | Reached skill level 1 in Ice Magic
  3212 | D:3      | You fall into a shaft and drop 2 floors!
  3336 | D:5      | Found Imocix's Armour Emporium.
  3418 | D:5      | Reached skill level 8 in Stealth
  3874 | D:5      | Found Imocix's Armour Emporium.
  4169 | D:4      | Noticed Menkaure
  4425 | D:2      | Identified a scroll of acquirement
  4425 | D:2      | Acquired the amulet of the Lotus Blossom {Reflect rCorr
                  | SH+5}
  6225 | D:3      | Learned a level 2 spell: Passwall
  6283 | D:3      | Found a faded altar of an unknown god.
  6554 | D:4      | Reached XP level 8. HP: 40/40 MP: 13/13
  6667 | D:4      | Killed Menkaure
  6865 | D:4      | Noticed Robin
  6880 | D:4      | Killed Robin
  7380 | D:4      | Noticed Eustachio
  7752 | D:4      | Killed Eustachio
  8562 | D:6      | Noticed Edmund
  8572 | D:6      | Reached skill level 5 in Spellcasting
  8572 | D:6      | Reached skill level 5 in Hexes
  8898 | D:6      | Reached skill level 1 in Transmutations
  9036 | D:6      | Reached XP level 9. HP: 44/44 MP: 17/17
  9335 | D:5      | Reached skill level 9 in Stealth
  9335 | D:5      | Reached skill level 1 in Earth Magic
  9386 | D:6      | HP: 1/44 [constriction (6)]
  9395 | D:6      | Killed Edmund
 10151 | D:7      | Found a staircase to the Ecumenical Temple.
 10174 | Temple   | Entered the Ecumenical Temple
 10374 | Temple   | Became a worshipper of Dithmenos the Shadowed
 10489 | D:7      | Reached skill level 5 in Dodging
 10675 | D:7      | Identified the +1 leather armour of Undesirable Species
                  | {rPois rC+}
 11272 | D:7      | Identified the +9 falchion of the Mushroom {vorpal, *Rage
                  | MP+9 Int+4}
 11321 | D:8      | Found Iruawick's Overcharged Wands.
 11383 | D:8      | Found a staircase to the Lair.
 11410 | D:8      | Killed from afar by a steam dragon

Illustrated notes

Levels and vault maps discovered:
D:1:      dpeg_arrival_short_road, layout_rooms
D:2:      layout_basic, st_stairs_6, minmay_misc_feat_alley
D:3:      layout_loops_ring, basic_ecumenical_altar,
          hangedman_abyss_or_decor_lesser_grid
D:4:      layout_basic, nicolae_ossuary_entry_giza, gup_sewer_entry_bowl,
          uniq_menkaure, uniq_robin, uniq_ijyb, uniq_eustachio
D:5:      layout_rooms, serial_shops, kennysheep_mini_moat,
          corexii_item_surrounded_by_moat, nicolae_eternal_life,
          chequers_mini_garden, minmay_crystal_room
D:6:      layout_basic, uniq_edmund
D:7:      layout_gridville, minmay_temple_entry_purple_smoke,
          wad_woods_river_04, minivault_23, roderic_batcave,
          kennysheep_generic_room_6
D:8:      minmay_the_grid_triangle_9x9_rhombus_full
          [minmay_the_grid_triangle_9x9_zippers_vertical,
          minmay_the_grid_triangle_9x9_impossible_snake,
          minmay_the_grid_triangle_9x9_minimal,
          minmay_the_grid_triangle_9x9_cache,
          minmay_the_grid_triangle_9x9_shrine,
          minmay_the_grid_triangle_9x9_dagger,
          minmay_the_grid_triangle_9x9_thin_v,
          minmay_the_grid_triangle_9x9_prize_schism], layout_gridville,
          chequers_temple_overflow_statue_of_worship,
          yredelemnul_forgotten_temple_becter, dpeg_oklobed_lair,
          minmay_misc_feat_square, nicolae_shop_overcharged_wands, uniq_maurice
Temple:   bh_familiar_temple

Skill      XL: |  1  2  3  4  5  6  7  8  9 |
---------------+----------------------------+-----
Short Blades   | 3 5 6 7 8 |  8.4
Dodging        | 3 4 5 |  5.4
Evocations     | 1 3 |  3.0
Fighting       | 3 |  3.0
Hexes          | 1 3 5 6 |  6.7
Spellcasting   | 3 5 |  5.0
Ice Magic      | 2 3 |  3.7
Stealth        | 8 9 |  9.6
Transmutations | 1 3 |  3.1
Earth Magic    | 2 |  2.1

Action                   |  1- 3 |  4- 6 |  7- 9 || total
-------------------------+-------+-------+-------++-------
Melee: Short sword       |     3 |   184 |    62 ||   249
       Dagger            |       |     3 |   414 ||   417
       Punch             |       |     2 |     4 ||     6
Throw: Stone             |       |     6 |     4 ||    10
       Dart              |       |     2 |     7 ||     9
 Cast: Ensorcelled Hiber |       |       |    89 ||    89
       Passwall          |       |       |     3 ||     3
Evoke: Wand              |       |     6 |     3 ||     9
  Use: Potion            |       |     6 |       ||     6
       Scroll            |       |     2 |    15 ||    17
 Stab: Sleeping          |     2 |     7 |    73 ||    82
       Distracted        |       |     3 |       ||     3
Armor: Robe              |       |     5 |     8 ||    13
       Animal skin       |       |       |    19 ||    19
       Skin              |       |       |     3 ||     3
Dodge: Dodged            |     1 |    69 |   158 ||   228
Block: Other             |       |       |    48 ||    48

Table legend: (Time is in decaauts)
 A = Elapsed time spent in this place.
 B = Non-inter-level travel time spent in this place.
 C = Inter-level travel time spent in this place.
 D = Time resting spent in this place.
 E = Time spent auto-exploring this place.
 F = Levels seen in this place.
 G = Mean time per level.
                   A        B        C        D        E       F      G
               +--------+--------+--------+--------+--------+-----+--------+
         Total |   8579 |   8309 |    270 |   1275 |   5131 |  11 |  779.9 |
       Dungeon |   6521 |   6277 |    244 |    395 |   4470 |   8 |  815.1 |
        Temple |    137 |    111 |     26 |      0 |    108 |   1 |  137.0 |
         Sewer |     96 |     96 |      0 |      0 |      0 |   1 |   96.0 |
       Ossuary |   1824 |   1824 |      0 |    879 |    552 |   1 | 1824.0 |
               +--------+--------+--------+--------+--------+-----+--------+

Top non-repeatable levels by time:
 Ossuary: 1824 daAuts
     D:4: 1754 daAuts
     D:5: 1089 daAuts
     D:7: 961 daAuts
     D:6: 949 daAuts
     D:2: 614 daAuts
     D:1: 571 daAuts
     D:3: 517 daAuts
  Temple: 137 daAuts
   Sewer: 96 daAuts
     D:8: 63 daAuts
